Map: 贝克特工业-天梯版

Players

TIME (Oliveira) - Winner!

  • Race: Terran Terran

JieShi

  • Race: Protoss Protoss
  • League: Master

Event: DreamHack SC2 Masters 2021 Summer

VOD

Have the link to the VOD?

Description

Time

  • Played on: May 30, 2021, 9:40 a.m.
  • Length: 11:45

All games in this series

Show
View Real Time Build Order
Export as new Build Order

TIME Terran - Winner!

Build Orders:  

Get SALT Encoding   

  12  0:00  SCV  
  13  0:12  SCV  
  14  0:17  Supply Depot  
  14  0:24  SCV  
  15  0:39  SCV  
  15  0:40  Barracks  
  16  0:44  Refinery  
  16  0:51  SCV  
  17  1:03  SCV  
  18  1:16  SCV  
  19  1:28  Barracks Reactor  
  19  1:29  Orbital Command  
  19  1:47  Command Center  
  19  1:55  SCV, Supply Depot  
  20  2:04  Marine  
  20  2:05  Marine  
  20  2:07  SCV  
  23  2:14  Factory  
  22  2:20  SCV  
  23  2:23  Refinery  
  23  2:24  Marine  
  23  2:28  Marine  
  25  2:32  SCV  
  26  2:42  Marine  
  27  2:44  SCV  
  27  2:45  Marine  
  29  2:56  SCV  
  29  2:58  Starport, Factory Tech Lab  
  30  3:01  Marine  
  31  3:08  SCV, Marine  
  33  3:13  Orbital Command  
  33  3:20  SCV  
  33  3:23  Siege Tank  
  33  3:26  Marine  
  38  3:29  Marine  
  39  3:34  Medivac  
  39  3:35  SCV  
  39  3:41  Supply Depot  
  42  3:44  SCV, Marine  
  42  3:47  SCV  
  45  3:48  Marine  
  46  4:02  SCV x2, Supply Depot  
  51  4:03  Marine  
  51  4:07  Starport Tech Lab  
  52  4:13  Cyclone  
  52  4:14  Engineering Bay  
  52  4:15  SCV x2  
  54  4:23  Marine x2  
  56  4:27  SCV, Viking  
  54  4:41  Marine  
  54  4:42  SCV  
  52  4:46  SCV  
  52  4:47  Siege Tank  
  52  4:51  Bunker, Marine  
  57  4:59  Marine  
  58  5:09  Marine  
  58  5:10  Banshee  
  53  5:15  SCV  
  53  5:17  Marine  
  53  5:19  Orbital Command  
  54  5:23  Supply Depot  
  54  5:39  SCV  
  54  5:45  Marine x2  
  54  5:47  SCV  
  54  5:48  Supply Depot  
  57  5:51  SCV  
  58  5:58  Bunker  
  58  6:01  Siege Tank, Supply Depot  
  58  6:02  SCV, Marine x2  
  64  6:09  Supply Depot  
  64  6:14  SCV  
  64  6:15  SCV  
  67  6:26  SCV  
  67  6:27  SCV  
  68  6:38  SCV  
  68  6:39  SCV  
  70  6:41  Command Center  
  70  6:44  Marine, Stimpack  
  71  6:52  SCV, Barracks  
  71  6:53  SCV  
  73  6:55  Barracks  
  73  7:02  Engineering Bay x2  
  73  7:04  SCV  
  73  7:05  Refinery  
  73  7:06  Refinery, Marine  
  73  7:07  SCV  
  76  7:11  Factory Reactor  
  76  7:17  SCV  
  76  7:20  Starport Reactor  
  76  7:21  Barracks, Terran Infantry Weapons Level 1  
  74  7:23  Barracks  
  74  7:24  SCV  
  71  7:30  SCV  
  71  7:32  Marauder  
  71  7:36  SCV  
  75  7:37  Terran Infantry Armor Level 1  
  75  7:39  Combat Shield  
  75  7:40  Marauder  
  75  7:42  SCV, Marine x2  
  80  7:49  SCV  
  80  7:51  Widow Mine x2  
  85  7:53  Orbital Command, Marauder  
  85  7:56  SCV  
  88  8:00  Supply Depot  
  88  8:02  Marauder, Marine x2  
  88  8:04  Medivac  
  94  8:07  Medivac  
  94  8:08  SCV  
  94  8:11  Barracks Reactor  
  97  8:14  Widow Mine x2  
  97  8:16  Barracks Tech Lab  
  97  8:18  Marauder  
  97  8:19  SCV  
  104  8:20  Marine  
  104  8:24  Marine, Missile Turret, Supply Depot  
  104  8:25  Concussive Shells  
  106  8:31  Marauder  
  108  8:34  SCV x2  
  108  8:38  Marauder  
  108  8:40  Marine  
  108  8:41  Orbital Command, Medivac x2  
  115  8:46  Widow Mine x2, Supply Depot  
  115  8:48  Marine, Supply Depot  
  122  8:58  SCV  
  122  9:02  Marauder  
  125  9:07  Marine  
  125  9:08  Marauder  
  125  9:09  SCV  
  129  9:12  Supply Depot  
  129  9:13  Marauder, Marine x2  
  129  9:14  Supply Depot  
  132  9:17  Marine  
  132  9:19  Medivac  
  132  9:20  Widow Mine, Medivac  
  132  9:21  Widow Mine  
  141  9:29  Armory  
  141  9:31  Marine, Supply Depot  
  141  9:32  Marauder  
  141  9:34  SCV, Marine x2  
  141  9:37  SCV  
  141  9:38  SCV  
  149  9:43  Marauder x2  
  153  9:45  Marine, Supply Depot  
  153  9:47  Widow Mine  
  153  9:52  Marine x2  
  156  9:53  Marauder  
  159  10:00  Viking  
  159  10:01  Viking  
  163  10:16  Marine x2  
  163  10:17  Marauder  
  167  10:23  Marine x2  
  167  10:24  Marauder  
  165  10:30  Marine  
  165  10:34  Marine  
  165  10:35  SCV x2  
  167  10:38  Marauder, Marine  
  170  10:47  Command Center  
  168  10:53  Marine  
  168  10:54  Marauder, Marine x2, Ghost Academy  
  159  11:05  Marauder, Marine  
  159  11:06  Medivac x2  
  159  11:07  Widow Mine x2  
  159  11:11  Marine x2  
  169  11:16  Marauder  
Show
View Real Time Build Order
Export as new Build Order

JieShi Protoss 

Build Orders: 1 Gate Expand 

Get SALT Encoding   

  12  0:00  Probe  
  13  0:12  Probe  
  14  0:18  Pylon  
  14  0:25  Probe (Chrono Boost)  
  15  0:37  Probe (Chrono Boost), Gateway  
  16  0:44  Probe (Chrono Boost)  
  16  0:46  Assimilator  
  17  0:51  Probe  
  18  1:03  Probe  
  19  1:15  Probe  
  20  1:23  Cybernetics Core  
  20  1:33  Nexus  
  20  1:35  Probe  
  21  1:42  Pylon  
  21  1:47  Probe  
  21  1:54  Assimilator  
  22  1:58  Adept (Chrono Boost)  
  22  2:00  Probe  
  25  2:02  Warp Gate  
  25  2:12  Probe  
  26  2:24  Probe  
  26  2:25  Twilight Council  
  26  2:36  Probe (Chrono Boost)  
  27  2:45  Probe (Chrono Boost), Robotics Facility  
  27  2:48  Probe (Chrono Boost)  
  29  2:56  Probe (Chrono Boost)  
  29  2:57  Probe (Chrono Boost)  
  31  3:00  Probe (Chrono Boost)  
  31  3:02  Probe, Charge (Chrono Boost)  
  33  3:08  Gateway  
  33  3:11  Probe  
  34  3:14  Probe  
  34  3:17  Gateway  
  35  3:26  Gateway  
  35  3:30  Warp Prism (Chrono Boost)  
  37  3:41  Gateway  
  37  3:44  Gateway  
  37  3:45  Probe  
  37  3:47  Probe  
  39  3:51  Shield Battery  
  39  3:55  Pylon  
  39  3:59  Observer (Chrono Boost), Probe  
  39  4:00  Probe  
  42  4:05  Pylon  
  42  4:14  Zealot x3  
  48  4:19  Observer  
  48  4:23  Zealot  
  45  4:33  Pylon  
  45  4:34  Zealot x2  
  45  4:36  Pylon  
  45  4:38  Zealot x2  
  53  4:44  Zealot x2  
  55  4:54  Pylon  
  55  4:55  Pylon  
  55  4:59  Zealot x2  
  59  5:01  Zealot  
  59  5:04  Zealot  
  49  5:14  Zealot x2  
  52  5:22  Zealot  
  52  5:26  Observer  
  50  5:31  Zealot  
  50  5:35  Zealot  
  51  5:38  Probe  
  51  5:42  Probe  
  49  5:50  Probe  
  49  5:55  Sentry  
  52  6:00  Probe  
  55  6:06  Blink (Chrono Boost)  
  55  6:09  Stalker  
  55  6:10  Stalker x2  
  60  6:19  Stalker x2  
  63  6:29  Nexus  
  63  6:31  Probe, Observer  
  62  6:37  Probe  
  62  6:38  Warp Prism (Chrono Boost)  
  65  6:48  Probe  
  65  6:50  Probe, Robotics Bay  
  67  7:00  Probe  
  68  7:01  Assimilator  
  68  7:02  Probe, Shield Battery  
  68  7:03  Assimilator  
  68  7:07  Observer  
  70  7:13  Probe  
  70  7:14  Probe  
  66  7:25  Probe  
  66  7:26  Probe  
  67  7:32  Pylon  
  67  7:33  Pylon  
  67  7:35  Pylon  
  67  7:37  Probe  
  67  7:38  Probe  
  67  7:42  Colossus (Chrono Boost)  
  75  7:52  Extended Thermal Lance  
  75  7:54  Forge  
  75  7:55  Probe (Chrono Boost)  
  76  8:01  Pylon  
  76  8:04  Probe (Chrono Boost)  
  78  8:06  Probe (Chrono Boost)  
  78  8:09  Pylon  
  79  8:13  Probe (Chrono Boost)  
  79  8:16  Probe (Chrono Boost)  
  79  8:18  Probe (Chrono Boost)  
  79  8:19  Probe (Chrono Boost), Zealot  
  84  8:26  Probe  
  85  8:29  Probe, Protoss Ground Weapons Level 1 (Chrono Boost)  
  85  8:33  Colossus (Chrono Boost)  
  92  8:38  Probe x2  
  92  8:39  Observer  
  94  8:41  Probe  
  94  8:44  Templar Archives  
  95  8:50  Probe  
  95  8:51  Photon Cannon  
  95  8:53  Probe  
  97  8:56  Zealot  
  97  9:00  Shield Battery  
  97  9:02  Stalker  
  101  9:03  Zealot  
  101  9:08  Colossus (Chrono Boost)  
  103  9:15  Probe  
  110  9:18  Pylon  
  110  9:19  Psionic Storm  
  110  9:25  High Templar  
  110  9:29  Pylon  
  110  9:30  Assimilator  
  113  9:31  Probe x2  
  113  9:32  Probe  
  113  9:33  Assimilator  
  115  9:42  Gateway  
  115  9:43  Gateway  
  115  9:45  High Templar  
  117  9:48  Pylon  
  117  10:02  Nexus  
  117  10:05  Pylon  
  117  10:06  Observer  
  117  10:09  High Templar x2, Pylon  
  117  10:14  Zealot, Stalker x2  
  125  10:15  Observer  
  124  10:26  Colossus  
  126  10:28  Observer  
  126  10:33  Stalker  
  126  10:34  Zealot  
  122  10:37  Stalker  
  122  10:38  Zealot x3  
  130  10:46  Observer  
  130  10:48  Zealot x2  
  134  10:55  Zealot  
  113  11:05  High Templar x2, Zealot x3  
  113  11:09  Archon, Zealot x2  
  126  11:13  Probe  
  125  11:19  Archon  
  125  11:20  Observer  
  125  11:22  Pylon, Zealot  
  116  11:26  Zealot x3  
  116  11:32  Zealot x2  
  108  11:38  Zealot x2  
Tags
 
Add a new tag
Caveats
  • Supply blocks, unpowered buildings, or Contaminate may cause inaccurate times.
  • Supply counts are checked every 10 seconds.